AoeStats
← Grospoilu

Enclosed

503884852Analyzed
4v4 RM · 29d ago on Sep 2, 2026· 19m 19s· 8 players
Game mode
Random Map
Map size
Large (8 player)
Population
200
Speed
Normal
Resources
Standard
Victory
Conquest
Starting age
Dark Age
Ending age
Imperial Age
RankedLock teamsTeams togetherTeam positionsShared explorationLock speedFull tech treeHidden civsTurbo modeCheats
Victory
Defeat
🇩🇪 Saracens · Germany
1320
+13
🇩🇪 Lithuanians · Germany
1287
+14
🇮🇳 Cumans · India
1276
+15
🇩🇪 Khmer · Germany
1176
+19
🇫🇷 Maya · France
1256
-16
🇨🇴 Byzantines · Colombia
1256
-16
🇨🇴 Teutons · Colombia
1245
-15
🇻🇪 Lithuanians · Venezuela
1234
-15
Grospoilu
0:28 Loom
9:44 Feudal Age
17:01 Fletching
18:40 Padded Archer Armor
Chancellor Lizard
8:42 Loom
11:12 Feudal Age
12:31 Double-Bit Axe
15:13 Castle Age
16:52 Scale Barding Armor
-Syrus Neu-
6:12 Loom
9:19 Feudal Age
9:52 Double-Bit Axe
12:11 Horse Collar
15:21 Wheelbarrow
20:53 Castle Age
RagnarLothbrok
5:57 Loom
8:18 Feudal Age
7:38 Loom
8:24 Loom
8:55 Double-Bit Axe
9:58 Horse Collar
16:23 Forging
18:06 Scale Barding Armor
19:31 Bloodlines
DrPiecemaker
6:33 Loom
9:30 Feudal Age
10:01 Double-Bit Axe
12:44 Fletching
13:05 Horse Collar
14:56 Padded Archer Armor
CircusMaximusFH
9:24 Feudal Age
10:01 Double-Bit Axe
10:25 Loom
12:23 Horse Collar
14:39 Scale Barding Armor
14:45 Forging
16:12 Bloodlines
18:12 Wheelbarrow
Pu77h3md0wn
3:34 Loom
10:39 Feudal Age
11:37 Double-Bit Axe
11:35 Horse Collar
15:16 Scale Barding Armor
17:37 Bloodlines
17:51 Forging
_HerculePoirot_
9:26 Feudal Age
10:04 Double-Bit Axe
10:01 Horse Collar
15:34 Loom
20:19 Castle Age
Connection lost

Rejoining the realm…

Still unreachable

The connection could not be restored.

Session expired

The server has moved on; the page needs a fresh start.